Map: Lightshade LE

Players

goblin

  • Race: Protoss Protoss
  • League: Grandmaster
  • Spawn Location: 11:00

SKillous - Winner!

  • Race: Protoss Protoss
  • League: Grandmaster
  • Spawn Location: 5:00

Event: DreamHack SC2 Masters 2020 Winter

VOD

Have the link to the VOD?

Description

Time

  • Played on: Oct. 25, 2020, 12:09 p.m.
  • Length: 5:06

All games in this series

Show
View Real Time Build Order
Export as new Build Order

goblin Protoss 

Build Orders: Oracle Opening 

Get SALT Encoding   

  12  0:00  Probe  
  13  0:12  Probe  
  14  0:17  Pylon  
  14  0:24  Probe (Chrono Boost)  
  16  0:36  Probe (Chrono Boost)  
  16  0:37  Gateway  
  16  0:43  Probe (Chrono Boost)  
  16  0:45  Assimilator  
  17  0:50  Probe  
  17  0:54  Assimilator  
  18  1:03  Probe (Chrono Boost)  
  19  1:09  Gateway  
  19  1:13  Probe (Chrono Boost)  
  19  1:18  Probe (Chrono Boost)  
  20  1:24  Cybernetics Core  
  21  1:29  Probe  
  22  1:36  Pylon  
  22  1:41  Probe  
  23  1:54  Probe  
  24  2:00  Stargate  
  24  2:04  Adept  
  24  2:05  Adept  
  28  2:08  Warp Gate  
  28  2:15  Pylon  
  28  2:34  Adept  
  28  2:35  Adept  
  32  2:42  Oracle (Chrono Boost)  
  32  2:50  Shield Battery  
  35  2:54  Pylon  
  35  3:12  Oracle  
  37  3:38  Nexus  
  37  3:44  Probe  
  38  3:50  Robotics Facility  
  38  3:54  Pylon  
  38  3:57  Shield Battery  
  38  4:01  Stalker  
  40  4:03  Stalker  
  40  4:05  Pylon  
  42  4:11  Pylon  
  35  4:44  Probe  
  31  4:45  Pylon  
  31  4:50  Probe  
Show
View Real Time Build Order
Export as new Build Order

SKillous Protoss - Winner!

Build Orders:  

Get SALT Encoding   

  12  0:00  Probe  
  13  0:12  Probe  
  14  0:18  Pylon  
  14  0:24  Probe  
  15  0:36  Probe (Chrono Boost)  
  15  0:37  Gateway  
  16  0:47  Assimilator, Probe (Chrono Boost)  
  17  0:52  Probe (Chrono Boost)  
  17  0:56  Assimilator  
  18  1:03  Probe (Chrono Boost)  
  19  1:11  Gateway  
  19  1:12  Probe (Chrono Boost)  
  19  1:17  Probe (Chrono Boost)  
  20  1:25  Cybernetics Core  
  21  1:29  Probe  
  22  1:35  Pylon  
  22  1:41  Probe  
  23  1:53  Probe  
  24  1:59  Warp Gate (Chrono Boost)  
  24  2:01  Stalker  
  24  2:02  Stalker  
  28  2:09  Pylon  
  28  2:31  Stalker  
  28  2:32  Stalker  
  28  2:35  Robotics Facility  
  32  2:46  Gateway  
  32  2:59  Shield Battery  
  32  3:01  Stalker  
  32  3:05  Shield Battery  
  34  3:12  Stalker  
  36  3:17  Pylon  
  34  3:27  Warp Prism (Chrono Boost)  
  36  3:42  Stalker  
  36  3:48  Pylon  
  38  3:50  Sentry  
  40  3:55  Stalker  
  42  4:05  Stalker  
  44  4:26  Pylon  
  44  4:27  Pylon  
  44  4:28  Sentry  
  44  4:29  Stalker  
  42  4:36  Stalker  
  42  4:59  Stalker x2  
Tags
 
Add a new tag
Caveats
  • Supply blocks, unpowered buildings, or Contaminate may cause inaccurate times.
  • Supply counts are checked every 10 seconds.